 Dungeon Crawl Stone Soup version 0.30-a0-743-gbfdf073431 (webtiles) character file.

Game seed: 8694817776955236333

490 LennaLeFay the Caller (level 7, -1/47 HPs)
             Began as a Human Summoner on Feb 6, 2023.
             Slain by a phantom (5 damage)
             ... on level 4 of the Dungeon.
             The game lasted 00:19:32 (4090 turns).

LennaLeFay the Caller (Human Summoner)              Turns: 4090, Time: 00:19:33

Health: -1/47      AC:  3    Str:  8    XL:     7   Next: 36%
Magic:  1/13       EV: 13    Int: 18    God:
Gold:   212        SH:  5    Dex: 13    Spells: 5/14 levels left

rFire   + . .      SeeInvis .    b - staff of fire
rCold   . . .      Faith    .    (no shield)
rNeg    . . .      Spirit   .    a - +0 robe
rPois   .          Reflect  +    (no helmet)
rElec   .          Harm     .    (no cloak)
rCorr   .          Rampage  .    (no gloves)
Will    .....                    c - +0 pair of boots
Stlth   ++                       j - amulet of reflection
HPRegen 0.27/turn                (no ring)
MPRegen 0.13/turn                (no ring)

@: no status effects
A: no striking features
a: no special abilities


You were on level 4 of the Dungeon.
You visited 1 branch of the dungeon, and saw 4 of its levels.
You also visited: Sewer.

You collected 212 gold pieces.

Inventory:

Hand Weapons
 e - a +0 dagger of draining
Armour
 a - a +0 robe (worn)
 c - a +0 pair of boots (worn)
 g - a +0 cloak
Magical Staves
 b - a staff of fire (weapon)
 f - a staff of death
Jewellery
 j - an amulet of reflection (around neck)
Wands
 h - a wand of digging (6)
Scrolls
 i - 2 scrolls of identify
Potions
 n - a potion of might


   Skills:
 + Level 0.8 Fighting
 + Level 3.3 Dodging
 + Level 2.5 Stealth
 * Level 4.2 Spellcasting
 + Level 0.1 Hexes
 * Level 6.2 Summonings


You had 5 spell levels left.
You knew the following spells:

 Your Spells              Type           Power      Damage    Failure   Level
a - Summon Small Mammal   Summ           100%       N/A       1%          1
b - Call Imp              Summ           26%        N/A       1%          2
c - Call Canine Familiar  Summ           26%        N/A       3%          3
d - Summon Guardian Gole  Hex/Summ       15%        N/A       12%         3

Your spell library contained the following spells:

 Spells                   Type           Power      Damage    Failure   Level
 Summon Lightning Spire   Summ/Air       15%        N/A       36%         4


Dungeon Overview and Level Annotations

Branches:
Dungeon (4/15)              Sewer (visited)
 Temple: D:4-7

Altars:
Cheibriados
Okawaru
Trog

Shops:
D:2 **!


Message History

Your quokka bites the scorpion but does no damage.
The scorpion closely misses you. The phantom is attracted toward you.
Okay, then.
As you read the scroll labelled EMEPNOP NY JIA, it crumbles to dust.
The scroll dissolves into smoke.
It was a scroll of fog.
Your quokka barely misses the scorpion.
The scorpion stings you but does no damage.
The phantom completely misses your quokka.
As you read the scroll labelled GIRIANU MOCYNK, it crumbles to dust.
It is a scroll of brand weapon.
Your +0 dagger of flaming craves living souls!
e - a +0 dagger of draining Your quokka barely misses the phantom.
The scorpion stings you!
* * * LOW HITPOINT WARNING * * *
The phantom misses your quokka.
Your quokka bites the phantom but does no damage.
As you read the scroll labelled REMO PY JUSONK, it crumbles to dust.
You assume a fearsome visage.
The phantom is unaffected.
The scorpion looks frightened!
It was a scroll of fear.
The scorpion closely misses your quokka.
The phantom hits your quokka.
Your quokka barely misses the phantom.
The scorpion closely misses your quokka.
The phantom is attracted toward you. The phantom hits you.
* * * LOW HITPOINT WARNING * * *
The phantom attacks as you move away! You block the phantom's attack.
As you read the scroll labelled TEPOZO TARGHI, it crumbles to dust.
The creatures around you are filled with an inner flame!
It was a scroll of immolation.
The phantom misses you.
As you read the scroll of fog, it crumbles to dust.
The scroll dissolves into smoke.
The phantom hits you.
* * * LOW HITPOINT WARNING * * *
The phantom blinks!
You blink.
You feel less attractive to monsters. You block the phantom's attack.
The phantom attacks as you move away! The phantom hits you.
* * * LOW HITPOINT WARNING * * *
Casting: Summon Small Mammal (safe; 1% risk of failure)
Confirm with . or Enter, or press ? or * to list all spells.
The phantom hits you.
You die...

######§§§§#########§......# #
#......§§§# #.○°....##.
#.....§§§5# #...§...#..
#........§# #.§........
#........5#########.§...#...#
#.........§§§................
######...§§§§§h..)...)......#
#...§§§§§§........#.....
#...§§§@§.........#.....
#.....§W§.........#....#
###...........##.#######
#...........##.#
#...........##.#
#..<........##.#
#...........##.# ###
#...........##.#####..
##############.....#†#


You could see a phantom (inner flame, ally target) and a friendly hound
(summoned).

Vanquished Creatures
  An adder (Sewer)
  A worm (D:2)
  2 giant cockroaches
  2 goblins (D:1)
  A quokka (Sewer)
  2 bats
  2 frilled lizards
  A rat (D:3)
12 creatures vanquished.

Vanquished Creatures (collateral kills)
  A black bear (D:4)
  An ogre (D:3)
  A bullfrog (Sewer)
  A jelly (D:4)
  6 adders
  2 gnolls (D:3)
  2 worms
  3 dart slugs
  5 orcs
  10 ball pythons
  11 endoplasms
  9 giant cockroaches
  3 goblins (D:1)
  8 hobgoblins
  3 jackals (D:3)
  11 quokkas
  5 bats
  9 frilled lizards
  2 kobolds
  2 rats
95 creatures vanquished.

Grand Total: 107 creatures vanquished

Notes
Turn   | Place    | Note
-------+----------+-------------------------------------------
     0 | D:1      | LennaLeFay the Human Summoner began the quest for the Orb.
     0 | D:1      | Reached XP level 1. HP: 13/13 MP: 3/3
   328 | D:1      | Reached XP level 2. HP: 13/19 MP: 1/5
   427 | D:1      | Learned a level 2 spell: Call Imp
   787 | D:1      | Reached XP level 3. HP: 24/24 MP: 0/6
  1214 | D:1      | Learned a level 3 spell: Call Canine Familiar
  1238 | D:2      | Found a faded altar of an unknown god.
  1447 | D:2      | Found Faritytie's General Store.
  1448 | D:2      | Found Heitt's Distillery.
  1759 | D:2      | Reached XP level 4. HP: 25/30 MP: 7/7
  1970 | D:2      | Found Wausogel's Assorted Antiques.
  2061 | D:2      | Reached skill level 5 in Summonings
  2233 | D:3      | Found a bloodstained altar of Trog.
  2244 | D:3      | Found a snail-covered altar of Cheibriados.
  2547 | D:3      | Found a glowing drain.
  2569 | D:3      | Reached XP level 5. HP: 17/35 MP: 2/9
  2579 | Sewer    | Entered a sewer
  3097 | Sewer    | Noticed a bullfrog
  3109 | Sewer    | Killed a bullfrog
  3110 | Sewer    | Reached XP level 6. HP: 11/42 MP: 6/11
  3218 | D:3      | Learned a level 3 spell: Summon Guardian Golem
  3254 | D:3      | Noticed an ogre
  3262 | D:3      | Killed an ogre
  3770 | D:3      | Reached skill level 6 in Summonings
  3786 | D:3      | Found an iron altar of Okawaru.
  3929 | D:4      | Reached XP level 7. HP: 24/47 MP: 4/12
  4090 | D:4      | Slain by a phantom

Illustrated notes

Levels and vault maps discovered:
D:1:      dpeg_arrival_round_a, layout_basic
D:2:      layout_basic, serial_shops, nicolae_shop_advertising_works
          [nicolae_subvault_shop_adworks], shop_statue, shop,
          chequers_ecumenical_altar_simple_redux
D:3:      layout_basic, mainiacjoe_overflow_catwalk_spiral,
          okawaru_altar_gauntlet_db, gup_sewer_entry_glass
D:4:      layout_basic, minmay_circle_x

Skill      XL: |  1  2  3  4  5  6  7 |
---------------+----------------------+-----
Summonings     | 5 6 |  6.2
Spellcasting   | 3 4 |  4.2
Dodging        | 3 |  3.3
Fighting       | |  0.8
Stealth        | |  2.5
Hexes          | |  0.1

Action                     |  1- 3 |  4- 6 |  7- 9 || total
---------------------------+-------+-------+-------++-------
  Melee: Club              |     8 |       |       ||     8
         Dagger            |    11 |       |       ||    11
         Staff             |    30 |    52 |     1 ||    83
         Punch             |       |     1 |       ||     1
   Cast: Summon Small Mamm |    15 |    19 |     3 ||    37
         Call Imp          |    16 |    27 |     1 ||    44
         Call Canine Famil |     1 |    11 |     3 ||    15
         Summon Guardian G |       |     3 |     1 ||     4
  Evoke: Wand              |       |     1 |       ||     1
    Use: Scroll            |     3 |     1 |     5 ||     9
         Potion            |     1 |     2 |     1 ||     4
   Stab: Sleeping          |     2 |       |       ||     2
 Armour: Robe              |    36 |    54 |     3 ||    93
  Dodge: Dodged            |    69 |   150 |    20 ||   239
  Block: Other             |       |     7 |     6 ||    13

Table legend: (Time is in decaauts)
 A = Elapsed time spent in this place.
 B = Non-inter-level travel time spent in this place.
 C = Inter-level travel time spent in this place.
 D = Time resting spent in this place.
 E = Time spent auto-exploring this place.
 F = Levels seen in this place.
 G = Mean time per level.
                   A        B        C        D        E       F      G
               +--------+--------+--------+--------+--------+-----+--------+
         Total |   4234 |   4112 |    122 |      0 |   2170 |   5 |  846.8 |
       Dungeon |   3469 |   3347 |    122 |      0 |   1896 |   4 |  867.2 |
         Sewer |    765 |    765 |      0 |      0 |    274 |   1 |  765.0 |
               +--------+--------+--------+--------+--------+-----+--------+

Top non-repeatable levels by time:
     D:1: 1238 daAuts
     D:3: 1064 daAuts
     D:2: 932 daAuts
   Sewer: 765 daAuts
     D:4: 234 daAuts
